Map: Proxima Station LE

Players

Raze

  • Race: Terran Terran
  • Spawn Location: 1:00

Probe - Winner!

  • Race: Protoss Protoss
  • Spawn Location: 7:00

Event: WCS Austin 2017

VOD

Have the link to the VOD?

Description

Time

  • Played on: April 28, 2017, 7:45 p.m.
  • Length: 15:25

All games in this series

Show
View Real Time Build Order
Export as new Build Order

Raze Terran 

Build Orders: 1/1/1, Liberator Opening 

Get SALT Encoding   

  12  0:00  SCV  
  13  0:12  SCV  
  14  0:18  Supply Depot  
  14  0:25  SCV  
  14  0:27  Refinery  
  15  0:39  SCV  
  16  0:45  Barracks  
  16  0:51  SCV  
  17  1:03  SCV  
  18  1:10  Supply Depot  
  18  1:16  SCV  
  19  1:32  Orbital Command  
  19  1:33  Marine  
  19  1:38  Factory  
  20  1:47  Refinery  
  20  1:50  Marine  
  21  1:58  SCV  
  22  2:08  Marine  
  22  2:10  SCV  
  24  2:21  Factory Tech Lab  
  24  2:22  Starport, SCV  
  25  2:26  Marine  
  26  2:33  Supply Depot  
  26  2:34  SCV  
  27  2:44  Marine  
  27  2:48  SCV  
  27  2:49  Widow Mine  
  31  2:55  Liberator  
  31  3:00  SCV  
  31  3:02  Marine  
  33  3:09  Fusion Core  
  36  3:27  Command Center  
  36  3:33  Supply Depot  
  36  3:36  SCV  
  37  3:47  Marine  
  38  3:49  SCV  
  39  3:57  Advanced Ballistics  
  39  3:59  Liberator  
  39  4:01  SCV  
  40  4:08  Supply Depot  
  40  4:13  SCV  
  44  4:18  Barracks Reactor  
  44  4:30  SCV  
  43  4:42  Liberator, SCV  
  43  4:44  Orbital Command  
  44  4:51  Factory Tech Lab  
  44  4:54  SCV  
  44  4:55  Refinery  
  45  5:01  Marine x2  
  47  5:07  SCV  
  47  5:10  SCV  
  49  5:19  Marine x2  
  51  5:23  Command Center  
  51  5:25  Liberator  
  51  5:26  SCV  
  52  5:37  Siege Tank  
  52  5:38  Marine  
  52  5:39  Marine  
  52  5:40  SCV  
  52  5:42  SCV  
  62  5:48  Supply Depot  
  62  5:52  SCV  
  62  5:54  SCV  
  62  5:56  Marine x2  
  66  6:04  SCV  
  67  6:06  SCV  
  67  6:07  Liberator  
  67  6:11  Siege Tank  
  68  6:14  Marine x2  
  68  6:18  SCV  
  71  6:21  SCV  
  75  6:26  Barracks  
  75  6:27  Barracks  
  75  6:33  Marine x2  
  75  6:35  SCV x2  
  75  6:37  Orbital Command  
  75  6:38  Refinery  
  79  6:48  SCV  
  79  6:52  Engineering Bay  
  77  6:55  Engineering Bay  
  77  6:58  SCV  
  77  7:00  Marine x2, SCV  
  81  7:04  SCV  
  79  7:10  SCV  
  79  7:13  SCV  
  79  7:15  Barracks, Barracks Tech Lab  
  81  7:16  Factory Reactor, Barracks, SCV  
  81  7:18  Marine x2  
  81  7:19  Starport Reactor  
  81  7:20  Terran Infantry Armor Level 1, Terran Infantry Weapons Level 1  
  84  7:23  SCV  
  84  7:25  SCV  
  84  7:28  Supply Depot  
  86  7:33  Combat Shields, Stimpack  
  86  7:37  Bunker  
  82  7:45  Bunker  
  82  7:46  SCV  
  82  7:48  SCV  
  82  7:55  SCV  
  82  7:57  Widow Mine x2  
  87  7:58  Marine x2  
  87  7:59  Marauder, SCV  
  87  8:03  Supply Depot  
  92  8:10  SCV x2  
  94  8:13  Marauder  
  94  8:15  Barracks Reactor, Barracks Tech Lab  
  94  8:16  Medivac x2  
  101  8:20  SCV  
  101  8:22  SCV  
  101  8:23  Marauder  
  101  8:26  Supply Depot  
  101  8:29  SCV  
  102  8:34  Marine x2  
  102  8:35  Marauder x2  
  102  8:38  SCV  
  102  8:40  Supply Depot  
  109  8:46  Supply Depot  
  109  8:47  Medivac x2, SCV  
  114  8:49  SCV  
  114  8:50  Supply Depot, SCV  
  114  8:51  Concussive Shells  
  114  8:55  Refinery  
  116  8:57  Marauder  
  116  8:59  Marauder  
  116  9:01  SCV x2  
  116  9:02  Marauder  
  120  9:07  SCV  
  121  9:13  SCV  
  121  9:17  Widow Mine, Marine x3  
  122  9:18  Widow Mine, Marauder  
  122  9:19  Medivac  
  122  9:20  Marauder  
  122  9:22  SCV x2  
  122  9:23  Marauder  
  140  9:32  Marine  
  140  9:36  Refinery  
  140  9:37  Marine  
  141  9:39  Supply Depot, Armory  
  141  9:48  Supply Depot x2  
  141  9:52  Liberator x2  
  141  10:00  Marine  
  141  10:01  Marauder x3  
  141  10:06  Command Center  
  154  10:20  Marine  
  149  10:22  Marauder x3  
  133  10:30  Marine x2  
  133  10:32  Widow Mine x2  
  133  10:35  Liberator, Marine  
  139  10:38  Marine  
  138  10:43  Marauder x3  
  138  10:47  Starport, Barracks x2  
  144  10:50  Starport  
  144  10:56  Terran Infantry Weapons Level 2, Terran Infantry Armor Level 2  
  139  11:08  Marauder x2, Marine x3  
  139  11:09  Medivac  
  133  11:22  Supply Depot  
  133  11:24  Medivac  
  130  11:27  Medivac  
  130  11:28  Widow Mine  
  130  11:29  Marine  
  130  11:30  Marauder  
  130  11:31  SCV  
  130  11:32  Supply Depot  
  138  11:33  Marauder x2, Marine  
  138  11:35  Medivac, Barracks Tech Lab  
  138  11:36  Barracks Tech Lab  
  138  11:37  Liberator  
  138  11:39  Medivac  
  147  11:41  SCV x2  
  149  11:57  Medivac  
  149  12:01  Planetary Fortress  
  154  12:06  Marine  
  154  12:07  Marauder x3, Marine x2  
  163  12:13  Marine  
  164  12:16  Refinery x2, Missile Turret  
  164  12:21  Liberator x2  
  164  12:24  Marine  
  164  12:28  Marauder x2  
  172  12:45  Sensor Tower  
  172  12:46  Marine  
  172  12:47  Marauder, Marine x2  
  172  12:50  Marauder  
  173  12:55  Liberator, Command Center  
  170  13:04  Liberator x2, Marauder, Marine  
  148  13:11  Command Center  
  148  13:14  Liberator x2, Command Center  
  148  13:17  Marine  
  148  13:18  Factory Tech Lab, Marauder  
  160  13:30  Marine  
  160  13:31  Marauder  
  169  13:38  Liberator  
  169  13:50  SCV  
  169  13:54  Marauder, Marine  
  162  13:55  Marine  
  162  13:56  Marauder  
  162  13:58  Marine  
  162  13:59  Marauder  
  162  14:01  Marine  
  162  14:02  SCV  
  162  14:03  SCV x2  
  156  14:11  SCV  
  156  14:15  Marauder, Marine, SCV x2  
  162  14:17  Marauder, SCV  
  162  14:23  SCV  
  166  14:25  SCV  
  166  14:26  SCV  
  166  14:27  SCV  
  166  14:31  Marauder, Marine  
  165  14:37  Marine  
  165  14:38  Marauder, Marine  
  163  14:39  Marauder  
  163  14:41  SCV  
  163  14:43  SCV  
  163  14:44  Missile Turret, Marine  
  162  14:48  SCV  
  162  14:49  Marine  
  161  14:53  Marauder  
  161  14:59  Marauder  
  147  15:00  Marauder, Marine  
  147  15:02  Marine  
Show
View Real Time Build Order
Export as new Build Order

Probe Protoss - Winner!

Build Orders: 1 Gate Expand, Blink Stalkers, Colossus Rush 

Get SALT Encoding   

  12  0:00  Probe (Chrono Boost)  
  13  0:11  Probe (Chrono Boost)  
  14  0:17  Pylon  
  14  0:22  Probe (Chrono Boost)  
  15  0:35  Probe (Chrono Boost)  
  16  0:36  Gateway  
  16  0:42  Assimilator  
  16  0:46  Probe (Chrono Boost)  
  17  0:56  Probe (Chrono Boost)  
  18  1:07  Probe (Chrono Boost)  
  19  1:19  Nexus  
  19  1:26  Probe (Chrono Boost)  
  20  1:34  Cybernetics Core  
  20  1:37  Probe (Chrono Boost)  
  21  1:42  Assimilator  
  21  1:47  Probe (Chrono Boost)  
  21  1:50  Pylon  
  22  1:58  Probe (Chrono Boost)  
  24  2:11  Mothership Core (Chrono Boost)  
  24  2:14  Adept  
  27  2:23  Warp Gate  
  27  2:29  Probe (Chrono Boost)  
  28  2:33  Probe (Chrono Boost)  
  29  2:40  Probe (Chrono Boost)  
  29  2:41  Adept  
  29  2:43  Probe (Chrono Boost)  
  33  2:48  Robotics Facility  
  33  2:50  Probe (Chrono Boost)  
  34  2:54  Probe (Chrono Boost)  
  35  3:01  Probe (Chrono Boost)  
  35  3:04  Probe (Chrono Boost)  
  37  3:05  Twilight Council  
  37  3:11  Probe (Chrono Boost)  
  38  3:15  Probe (Chrono Boost)  
  39  3:21  Gateway  
  39  3:22  Gateway  
  39  3:25  Probe (Chrono Boost)  
  40  3:27  Probe (Chrono Boost)  
  40  3:32  Pylon  
  40  3:33  Observer  
  41  3:37  Probe (Chrono Boost)  
  41  3:39  Probe (Chrono Boost)  
  41  3:41  Assimilator  
  44  3:46  Blink  
  44  3:47  Probe (Chrono Boost)  
  45  3:49  Probe (Chrono Boost)  
  46  3:58  Probe (Chrono Boost)  
  46  4:00  Probe (Chrono Boost)  
  49  4:02  Observer  
  49  4:05  Assimilator  
  49  4:07  Pylon  
  49  4:09  Probe (Chrono Boost)  
  50  4:10  Probe (Chrono Boost)  
  50  4:13  Pylon  
  51  4:19  Probe (Chrono Boost)  
  51  4:21  Probe (Chrono Boost)  
  52  4:27  Stalker x2  
  54  4:33  Stalker  
  54  4:34  Probe (Chrono Boost)  
  57  4:40  Pylon  
  55  4:49  Probe (Chrono Boost)  
  56  4:54  Probe (Chrono Boost)  
  57  5:02  Probe (Chrono Boost)  
  57  5:06  Robotics Bay  
  58  5:08  Probe (Chrono Boost)  
  58  5:13  Probe (Chrono Boost)  
  60  5:15  Observer  
  60  5:20  Stalker x2  
  65  5:24  Probe (Chrono Boost)  
  65  5:26  Probe (Chrono Boost)  
  66  5:31  Stalker  
  69  5:36  Probe (Chrono Boost)  
  69  5:41  Stargate  
  68  5:46  Colossus  
  67  6:11  Probe (Chrono Boost)  
  67  6:13  Nexus  
  67  6:18  Pylon  
  67  6:21  Phoenix  
  68  6:28  Probe x2 (Chrono Boost)  
  70  6:36  Colossus  
  72  6:40  Probe x2 (Chrono Boost)  
  72  6:41  Sentry  
  80  6:52  Probe (Chrono Boost)  
  79  6:56  Probe (Chrono Boost)  
  79  7:04  Probe (Chrono Boost)  
  76  7:14  Probe (Chrono Boost)  
  77  7:23  Forge  
  77  7:28  Probe x3 (Chrono Boost)  
  77  7:29  Sentry  
  82  7:31  Sentry  
  84  7:39  Probe (Chrono Boost)  
  84  7:40  Probe x2 (Chrono Boost)  
  87  7:50  Probe (Chrono Boost)  
  86  7:52  Probe x2 (Chrono Boost)  
  86  7:55  Protoss Ground Weapons Level 1  
  84  7:59  Pylon  
  84  8:00  Probe (Chrono Boost)  
  84  8:04  Probe (Chrono Boost)  
  83  8:07  Probe (Chrono Boost)  
  83  8:10  Forge  
  83  8:11  Probe (Chrono Boost)  
  84  8:13  Disruptor  
  84  8:14  Stalker x3  
  93  8:20  Probe (Chrono Boost)  
  93  8:21  Probe (Chrono Boost)  
  93  8:26  Probe (Chrono Boost), Charge  
  94  8:28  Protoss Ground Armor Level 1  
  94  8:33  Probe x2 (Chrono Boost)  
  96  8:41  Probe (Chrono Boost), Zealot x3  
  99  8:44  Disruptor  
  99  8:45  Probe (Chrono Boost)  
  105  8:49  Probe (Chrono Boost)  
  108  8:59  Probe (Chrono Boost)  
  109  9:11  Pylon  
  109  9:12  Probe (Chrono Boost), Pylon  
  109  9:15  Pylon  
  109  9:17  Pylon  
  109  9:24  Disruptor  
  109  9:25  Assimilator, Pylon  
  109  9:26  Assimilator, Pylon x2  
  109  9:30  Probe x2 (Chrono Boost), Pylon  
  114  9:38  Nexus  
  114  9:41  Protoss Ground Weapons Level 2  
  114  9:45  Gateway  
  114  9:48  Templar Archives, Gateway  
  114  9:49  Gateway  
  114  9:55  Stalker  
  114  9:57  Stalker x2  
  114  9:58  Disruptor  
  123  10:08  Gateway  
  123  10:11  Pylon  
  123  10:20  Zealot x3  
  123  10:27  Protoss Ground Armor Level 2  
  113  10:29  Disruptor  
  114  10:41  Zealot  
  114  10:42  Zealot x3  
  120  10:45  Templar Archives  
  120  10:56  Stalker  
  120  10:57  Stalker  
  122  10:59  Pylon  
  122  11:02  Probe x2 (Chrono Boost), Pylon  
  122  11:03  Stalker  
  122  11:04  Stalker x3  
  128  11:07  Probe (Chrono Boost)  
  128  11:09  Probe (Chrono Boost)  
  130  11:16  Probe x2 (Chrono Boost)  
  128  11:21  Disruptor  
  128  11:22  Psionic Storm, Zealot  
  128  11:23  Zealot  
  131  11:27  Probe (Chrono Boost)  
  131  11:29  Zealot x2  
  138  11:38  Assimilator  
  138  11:41  Probe (Chrono Boost)  
  138  11:42  Probe x2 (Chrono Boost)  
  138  11:43  High Templar x3  
  147  11:52  Dark Shrine  
  147  11:53  Probe (Chrono Boost)  
  147  11:54  Assimilator, Probe x3 (Chrono Boost)  
  151  11:58  Assimilator  
  151  12:04  High Templar, Pylon  
  151  12:07  Zealot  
  151  12:08  Protoss Ground Weapons Level 3, Zealot  
  155  12:11  Disruptor  
  155  12:17  Robotics Facility, Zealot  
  155  12:18  Zealot x2  
  162  12:30  Zealot x2  
  162  12:35  Gateway  
  162  12:37  Gateway  
  166  12:39  Colossus  
  166  12:40  Zealot x4, Gateway  
  174  12:57  Colossus  
  174  13:02  High Templar x2  
  182  13:15  Photon Cannon  
  182  13:17  Photon Cannon  
  182  13:19  Photon Cannon  
  182  13:22  Zealot x4  
  190  13:31  Fleet Beacon, Stargate  
  190  13:44  Nexus  
  189  13:52  Colossus  
  181  13:56  Zealot x8  
  188  14:35  Stalker x8  
  186  15:03  Dark Templar  
  186  15:04  Dark Templar x2  
  186  15:05  Pylon  
  172  15:12  Pylon  
  167  15:16  Zealot x5  
Tags
 
Add a new tag
Caveats
  • Supply blocks, unpowered buildings, or Contaminate may cause inaccurate times.
  • Supply counts are checked every 10 seconds.